 Dungeon Crawl Stone Soup version 0.27-a0-1595-g0b823d0a13 (webtiles) character file.

Game seed: 11603217474033538346

17 elagabalus the Shield-Bearer (level 2, 19/19 HPs)
             Began as a Gargoyle Fighter on July 20, 2021.
             Quit the game on level 2 of the Dungeon.
             The game lasted 00:06:24 (818 turns).

elagabalus the Shield-Bearer (Gargoyle Fighter)      Turns: 818, Time: 00:06:25

Health: 19/19      AC: 10    Str: 19    XL:     2   Next: 62%
Magic:  2/2        EV:  7    Int:  8    God:
Gold:   26         SH:  9    Dex:  9    Spells: 1/1 levels left

rFire    . . .     SeeInvis .   f - +1 flail (holy)
rCold    . . .     Faith    .   c - +0 kite shield
rNeg     + . .     Spirit   .   b - +1 scale mail
rPois    ∞         Reflect  .   (no helmet)
rElec    +         Harm     .   (no cloak)
rCorr    .         Rampage  .   (no gloves)
Will     .....                  (no boots)
Stlth    ..........             (no amulet)
HPRegen  0.06/turn              (no ring)
MPRegen  0.08/turn              (no ring)

@: about to teleport
A: sickness immunity, AC +2, negative energy resistance 1, electricity
resistance, torment resistance 1, petrification resistance
a: no special abilities


You were on level 2 of the Dungeon.
You visited 1 branch of the dungeon, and saw 2 of its levels.

You collected 26 gold pieces.

Inventory:

Hand Weapons
 f - a +1 flail of holy wrath (weapon)
Armour
 b - a +1 scale mail (worn)
 c - a +0 kite shield (worn)
Jewellery
 i - a ring of see invisible
Scrolls
 h - a scroll of identify
Potions
 d - a potion of might
 e - a potion of curing
 j - a potion of attraction {unknown}


   Skills:
 - Level 3.2 Fighting
 * Level 3.1 Maces & Flails
 - Level 3.2 Armour
 - Level 3.2 Shields


You had one spell level left.
You didn't know any spells.
Your spell library contained the following spells:

 Spells                   Type           Power      Damage    Failure   Level
 Ozocubu's Armour         Ice            0%         N/A       100%        3
 Metabolic Englaciation   Hex/Ice        0%         N/A       100%        5
 Simulacrum               Ice/Necr       0%         N/A       100%        6


Dungeon Overview and Level Annotations

Branches:
Dungeon (2/15)

Altars:


Innate Abilities, Weirdness & Mutations

You are immune to sickness and miasma.
Your stone body is resilient. (AC +2)
You are immune to poison.
You resist negative energy. (rN+)
You are resistant to electric shocks. (rElec)
You are resistant to unholy torment.
You are immune to petrification.


Message History

i - a ring of see invisible You open the door.
There is an open door here.
You see here a +0 robe.
A giant cockroach comes into view.
Found a scroll labelled FEUPRE NEWUIJI.
You sock the giant cockroach!
You kill the giant cockroach!
A goblin comes into view. It is wielding a +0 dagger.
The goblin shouts!
You see here a scroll labelled FEUPRE NEWUIJI.
You barely miss the goblin. The goblin hits you but does no damage.
You completely miss the goblin. You block the goblin's attack.
The goblin hits you but does no damage.
You closely miss the goblin. You block the goblin's attack.
You barely miss the goblin. The goblin hits you with a +0 dagger.
You block the goblin's attack.
You completely miss the goblin. The goblin barely misses you.
You sock the goblin!
You kill the goblin!
Things that are here:
a +0 dagger; a goblin corpse
h - 2 scrolls labelled FEUPRE NEWUIJI (gained 1)
There are no items here.
There is a faded altar of an unknown god here.
There is a stone staircase leading down here.
You climb downwards.
There is a stone staircase leading up here.
Found a glowing cyan potion.
Found a leather armour.
j - a glowing cyan potion
As you read the scroll labelled FINAYLEAZ, it crumbles to dust.
You feel strangely unstable.
It was a scroll of teleportation.
As you read the scroll labelled FEUPRE NEWUIJI, it crumbles to dust.
It is a scroll of identify.
e - a potion of curing
As you read the scroll labelled TACELOL GIGE, it crumbles to dust.
It is a scroll of enchant armour.
Your +0 scale mail glows green for a moment.
Are you sure you want to abandon this character and quit the game? (Confirm with "yes".)

#.#####
#..[.@#
#.###.# #.#
#####.#
#.....#
#.#####
#.....#
#.#.#####.#
..........#


There were no monsters in sight!

Vanquished Creatures
  2 endoplasms (D:1)
  3 giant cockroaches (D:1)
  2 goblins (D:1)
  A hobgoblin (D:1)
  A kobold (D:1)
  4 ball pythons (D:1)
  2 frilled lizards (D:1)
  A rat (D:1)
16 creatures vanquished.

Notes
Turn   | Place    | Note
-------+----------+-------------------------------------------
     0 | D:1      | elagabalus the Gargoyle Fighter began the quest for the
                  | Orb.
     0 | D:1      | Reached XP level 1. HP: 14/14 MP: 1/1
   199 | D:1      | Reached XP level 2. HP: 13/19 MP: 2/2
   533 | D:1      | Found a faded altar of an unknown god.
   818 | D:2      | Quit the game

Illustrated notes

Levels and vault maps discovered:
D:1:      amcnicky_arrival_single_pillar, layout_basic, basic_ecumenical_altar,
          kennysheep_decorative_pillar, minmay_pentomino_w4
D:2:      layout_basic, minmay_misc_feat_rows, minmay_box_of_dots

Skill      XL: |  1  2 |
---------------+-------+-----
Maces & Flails | 3 |  3.1
Fighting       | |  3.2
Armour         | |  3.2
Shields        | |  3.2

Action                   || total
-------------------------++-------
Melee: Flail             ||    61
  Use: Scroll            ||     3
Armor: Scale mail        ||    29
Dodge: Dodged            ||    12
Block: Kite shield       ||    33

Table legend: (Time is in decaauts)
 A = Elapsed time spent in this place.
 B = Non-inter-level travel time spent in this place.
 C = Inter-level travel time spent in this place.
 D = Time resting spent in this place.
 E = Time spent auto-exploring this place.
 F = Levels seen in this place.
 G = Mean time per level.
                   A        B        C        D        E       F      G
               +--------+--------+--------+--------+--------+-----+--------+
         Total |    849 |    237 |    612 |      0 |      0 |   2 |  424.5 |
       Dungeon |    849 |    237 |    612 |      0 |      0 |   2 |  424.5 |
               +--------+--------+--------+--------+--------+-----+--------+

Top non-repeatable levels by time:
     D:1: 829 daAuts
     D:2: 19 daAuts
